 Dungeon Sprint DCSS version 0.31-a0-18-gea43df2a32 (webtiles) character file.

Game seed: 7602225857917449208

3502 sircluck the Brawler (level 9, 0/105 HPs)
             Began as a Troll Berserker on May 10, 2023.
             Was an Elder of Trog.
             Slain by an elephant (18 damage)
             ... in the Dungeon (Sprint II: "The Violet Keep of Menkaure").
             The game lasted 00:04:34 (381 turns).

sircluck the Brawler (Troll Berserker)               Turns: 381, Time: 00:04:35

Health: 0/105      AC:  4    Str: 31    XL:     9   Next: 80%
Magic:  8/8        EV: 12    Int:  3    God:    Trog [****..]
Gold:   303        SH:  0    Dex:  9    Spells: 8/8 levels left

rFire   . .          .
                       - Unarmed
rCold   . . .        (no shield)
rNeg    . . .        a - +0 animal skin
rPois   .            (helmet restricted)
rElec   .            (no cloak)
rCorr   .            (gloves unavailable)
SInv    .            (boots unavailable)
Will    .....        (no amulet)
Stlth   +            (no ring)
HPRegen 1.17/turn    (no ring)
MPRegen 0.11/turn

%: no teleportation
@: on berserk cooldown, slowed, very slow
A: large, unfitting armour, claws 3, regeneration 1, shaggy fur 1, tough skin 1
a: Renounce Religion, Berserk, Trog's Hand, Brothers in Arms


You were in the Dungeon.
You worshipped Trog.
Trog was greatly pleased with you.
You visited 1 branch You collected 972 gold pieces.
You spent 669 gold pieces at shops.

Inventory:

Armour
 a - a +0 animal skin (worn)
Scrolls
 i - a scroll of acquirement
Potions
 d - a potion of haste
 e - 2 potions of magic
 f - a potion of berserk rage


   Skills:
 + Level 11.1 Fighting
 + Level 10.2 Dodging
 + Level 15.3 Unarmed Combat


You had 8 spell levels left.
You didn't know any spells.
Your spell library was empty.

Dungeon Overview and Level Annotations

Branches:
Dungeon (1/1)

Altars:

Shops:
D !?:?[((!=*[?=:!

Annotations:
D exclusions: ice statue and oklob plant


Innate Abilities, Weirdness & Mutations

You are too large for most types of armour.
You have claws for hands.
Your natural rate of healing is unusually fast.
You are covered in fur. (AC +1)
You have tough skin. (AC +1)


Message History

You hit Kirke.
You kill Kirke!
Trog accepts your kill.
You can now call in reinforcements.
Trog appreciates your killing of a magic user.
You feel less porcine.
Your +0 animal skin unmelds from your body.
Something barely misses your ogre. Something kicks your ogre.
Something hits your ogre! Something kicks your ogre.
Your Dodging skill increases to level 10!
Unknown command.
You start resting.
Something completely misses your ogre. Something kicks your ogre.
Something hits your ogre! Something barely misses your ogre.
You start resting.
Something hits your ogre!
Your ogre dies!
Your ogre's corpse disappears in a puff of smoke!
You hear a trumpeting!
You mangle the centaur warrior!!
The centaur warrior is severely wounded.
The centaur warrior hits you.
* * * LOW HITPOINT WARNING * * *
The centaur warrior kicks you but does no damage.
The centaur warrior barely misses you.
The centaur warrior kicks you but does no damage.
You eviscerate the centaur warrior!!!
You kill the centaur warrior!
Trog accepts your kill.
Your Fighting skill increases to level 11!
Your Unarmed Combat skill increases to level 15!
An elephant and a kobold demonologist come into view.
The elephant tramples you!
* * * LOW HITPOINT WARNING * * *
You stumble backwards!
The elephant misses you.
The elephant trunk-slaps you but does no damage.
You feel better. The elephant tramples you.
* * * LOW HITPOINT WARNING * * *
You stumble backwards!
You fail to use your ability.
The elephant misses you. The elephant closely misses you.
The elephant tramples you!!
You die...

##.......∩#~~~~.##'##c.#,,****,
##∩.....∩.#~~~~##.#.##c####,,+,
##.∩...∩.∩#~~~~#.###.#....#,,*,
##∩.∩.∩...#~~####.#.####..##***
##.∩.∩.∩..#~##.###'###.##z.#,,+
##..∩.∩...#~#.####.##)..#..#,,*
##...⌠....+~K##.'.<.)##c'..###*
##........#~#Y..##.##...#....##
#▓▓▓▓▓▓▓###~##@###'###.##......
##${{######~~####.#.####~~.....
#[YY#hh+,##~~~#..#..#~~~~~~~..
#∩PY+h.#+*#†#~###.###~~~~§~~~.
#$..#)##S##)#~~##+##~~§≈≈§§§§§
#$$.###S≈≈####~~~~~~~~~§≈§§≈~~
##+###§≈≈≈~*,#+++#+++#~§≈≈≈§≈≈
*,,,**~~~~~***~≈≈§≈≈~##≈≈≈###§
**+***~~~~~**≈≈≈○§§≈°§##§§#,*§


You could see an elephant and a kobold demonologist.

Vanquished Creatures
  Kirke (D)
  A yaktaur captain (D)
  A centaur warrior (D)
  A skeletal warrior (D)
  A cane toad (D)
  2 wyverns (D)
  Menkaure (D)
  4 necrophages (D)
  5 scorpions (D)
  3 worms (D)
20 creatures vanquished.

Vanquished Creatures (others)
  A water moccasin (D)
1 creature vanquished.

Grand Total: 21 creatures vanquished

Notes
Turn   | Place    | Note
-------+----------+-------------------------------------------
     0 | D        | sircluck the Troll Berserker began the quest for the Orb.
     0 | D        | Reached XP level 1. HP: 22/22 MP: 0/0
     1 | D        | Noticed a necrophage
     1 | D        | Noticed a necrophage
     1 | D        | Noticed a necrophage
     1 | D        | Noticed a necrophage
     5 | D        | Killed a necrophage
     6 | D        | Reached skill level 5 in Unarmed Combat
     6 | D        | Reached XP level 2. HP: 33/33 MP: 1/1
     6 | D        | Reached XP level 3. HP: 40/40 MP: 2/2
     7 | D        | Killed a necrophage
     8 | D        | Reached skill level 5 in Fighting
     8 | D        | Reached skill level 5 in Dodging
     8 | D        | Reached skill level 6 in Unarmed Combat
     8 | D        | Reached XP level 4. HP: 50/50 MP: 3/3
    14 | D        | Killed a necrophage
    14 | D        | Reached ** piety under Trog
    15 | D        | Reached skill level 7 in Unarmed Combat
    15 | D        | Reached XP level 5. HP: 59/59 MP: 4/4
    35 | D        | Killed a water moccasin
    80 | D        | Reached *** piety under Trog
    81 | D        | Reached skill level 8 in Unarmed Combat
    81 | D        | Reached XP level 6. HP: 30/68 MP: 5/5
    89 | D        | Reached skill level 9 in Unarmed Combat
   142 | D        | Noticed a wyvern
   142 | D        | Noticed a wyvern
   146 | D        | Killed a wyvern
   146 | D        | Reached **** piety under Trog
   147 | D        | Reached skill level 10 in Unarmed Combat
   147 | D        | Reached XP level 7. HP: 80/80 MP: 6/6
   148 | D        | Killed a wyvern
   158 | D        | Noticed an ice statue
   162 | D        | Noticed Menkaure
   167 | D        | Killed Menkaure
   168 | D        | Reached skill level 11 in Unarmed Combat
   168 | D        | Found Jeamev's Book Shoppe.
   168 | D        | Found Iwog's Distillery.
   169 | D        | Found Natel's Jewellery Shoppe.
   171 | D        | Found Yganeoke's Antique Armour Shoppe.
   171 | D        | Found Huomas's Magic Scroll Emporium.
   172 | D        | Found Fempyg's Jewellery Shoppe.
   172 | D        | Found Sutte's Assorted Antiques.
   173 | D        | Found Xiuwykk's Distillery.
   174 | D        | Found Wuupim's Antique Weapon Emporium.
   174 | D        | Found Duod's Antique Weapon Shoppe.
   182 | D        | Found Tasem's Antique Armour Emporium.
   182 | D        | Found Zoewnipn's Magic Scroll Shoppe.
   182 | D        | Noticed an oklob plant
   183 | D        | Found Suxatt's Magic Scroll Shoppe.
   183 | D        | Found Oziqeng's Book Shoppe.
   183 | D        | Found Baisem's Distillery.
   184 | D        | Noticed a yak
   184 | D        | Noticed a yak
   184 | D        | Noticed a yak
   210 | D        | Bought a scroll of magic mapping for 97 gold pieces
   215 | D        | Bought a scroll of acquirement for 572 gold pieces
   261 | D        | Noticed an obsidian statue
   304 | D        | Reached ***** piety under Trog
   321 | D        | Noticed Kirke
   321 | D        | Noticed a yaktaur captain
   321 | D        | Noticed a skeletal warrior
   322 | D        | Noticed a centaur warrior
   322 | D        | Noticed a cane toad
   351 | D        | Killed a skeletal warrior
   352 | D        | Reached skill level 12 in Unarmed Combat
   352 | D        | Reached XP level 8. HP: 41/92 MP: 7/7
   356 | D        | Killed a yaktaur captain
   357 | D        | Reached skill level 10 in Fighting
   357 | D        | Reached skill level 13 in Unarmed Combat
   357 | D        | Reached XP level 9. HP: 48/101 MP: 8/8
   358 | D        | Killed a cane toad
   359 | D        | Reached skill level 14 in Unarmed Combat
   374 | D        | Killed Kirke
   375 | D        | Reached skill level 10 in Dodging
   378 | D        | Killed a centaur warrior
   379 | D        | Reached skill level 15 in Unarmed Combat
   379 | D        | Noticed an elephant
   379 | D        | Noticed a kobold demonologist
   381 | D        | Slain by an elephant

Illustrated notes

Levels and vault maps discovered:
D:        the_violet_keep_of_menkaure [sprint2_stairs_cluster_1,
          sprint2_shoproom, sprint2_temple, sprint2_basic_supplies,
          sprint2_obstacle_3, sprint2_obstacle_4, sprint2_obstacle_2,
          sprint2_obstacle_7, sprint2_obstacle_6, sprint2_timed_cluster_1,
          sprint2_smallroom_cluster_1, sprint2_smallroom_final_cluster_1,
          sprint2_transparent_cluster_1, sprint2_second_timed_cluster_1,
          sprint2_sniper_area_1, sprint2_heavy_combat_area_1,
          sprint2_mutation_trap_area_1, sprint2_forest_area_1,
          sprint2_light_combat_area_1, sprint2_behind_water_1,
          sprint2_near_end_vault_1]

Skill      XL: |  1  2  3  4  5  6  7  8  9 |
---------------+----------------------------+-----
Fighting       | 4 5 6 8 9 10 11 | 11.1
Dodging        | 4 5 6 7 8 9 10 | 10.2
Unarmed Combat | 5 6 7 8 10 12 13 15 | 15.3

Action                     |  1- 3 |  4- 6 |  7- 9 || total
---------------------------+-------+-------+-------++-------
  Melee: Unarmed           |     4 |    32 |    32 ||    68
         Punch             |       |     1 |     3 ||     4
 Invoke: Berserk           |     1 |     2 |     1 ||     4
         Brothers in Arms  |       |       |     2 ||     2
    Use: Scroll            |       |       |     2 ||     2
         Potion            |       |       |     2 ||     2
 Armour: Animal skin       |       |     6 |     4 ||    10
  Dodge: Dodged            |       |     9 |    13 ||    22

Table legend: (Time is in decaauts)
 A = Elapsed time spent in this place.
 B = Non-inter-level travel time spent in this place.
 C = Inter-level travel time spent in this place.
 D = Time resting spent in this place.
 E = Time spent auto-exploring this place.
 F = Levels seen in this place.
 G = Mean time per level.
                   A        B        C        D        E       F      G
               +--------+--------+--------+--------+--------+-----+--------+
         Total |    395 |    359 |     36 |     87 |     17 |   1 |  395.0 |
       Dungeon |    395 |    359 |     36 |     87 |     17 |   1 |  395.0 |
               +--------+--------+--------+--------+--------+-----+--------+

Top non-repeatable levels by time:
       D: 395 daAuts
